 Dungeon Crawl Stone Soup version 0.31-a0-188-g5e087ee2ca (webtiles) character file.

Game seed: 5571658286953910474

120 qw the Skirmisher (level 4, -2/25 HPs)
             Began as a Deep Elf Hunter on June 23, 2023.
             Slain by a lemure (5 damage)
             ... led by Pikel
             ... on level 4 of the Dungeon.
             The game lasted 00:00:46 (2667 turns).

qw the Skirmisher (Deep Elf Hunter)                 Turns: 2667, Time: 00:00:46

Health: -2/25      AC:  7    Str: 10    XL:     4   Next: 75%
Magic:  6/6        EV: 11    Int: 14    God:
Gold:   196        SH:  0    Dex: 18    Spells: 3/3 levels left

rFire   . . .        Y - +1 shortbow
rCold   . . .        (shield currently unavailable)
rNeg    . . .        e - +0 ring mail
rPois   .            a - +1 helmet
rElec   .            (no cloak)
rCorr   .            (no gloves)
SInv    +            (no boots)
Will    .....        (no amulet)
Stlth   +            h - ring of see invisible
HPRegen 0.24/turn    (no ring)
MPRegen 0.10/turn

%: no passive effects
@: no status effects
A: no striking features
a: no special abilities


You were on level 4 of the Dungeon.
You visited 1 branch of the dungeon, and saw 4 of its levels.

You collected 196 gold pieces.


   Skills:
 - Level 1.5 Fighting
 + Level 8.2 Ranged Weapons
 - Level 2.4 Dodging
 - Level 1.2 Stealth


You had 3 spell levels left.
You didn't know any spells.
Your spell library was empty.

Inventory:

Hand Weapons
 Y - a +1 shortbow (weapon)
Armour
 a - a +1 helmet (worn)
 e - a +0 ring mail (worn)
 k - the +1 robe "Earthly Heaven" {rF+ Stlth+}
   (You found it on level 4 of the Dungeon)

   rF:        It protects you from fire.
   Stlth:     It makes you more stealthy.
Jewellery
 c - a ring of wizardry
 h - a ring of see invisible (left hand)
Scrolls
 d - a scroll of silence {unknown}
 g - 3 scrolls of identify
 i - 2 scrolls of teleportation
Potions
 b - 2 potions of mutation
 f - 2 potions of heal wounds
 j - a potion of curing

Dungeon Overview and Level Annotations

Branches:
Dungeon (4/15)
 Temple: D:4-7

Altars:

Annotations:
D:3 1 runed translucent door, Crazy Yiuf
D:4 Pikel


Message History

Pikel is lightly wounded.
A lemure comes into view.
You shoot an arrow. The arrow hits Pikel.
Pikel is moderately wounded.
You shoot an arrow. The arrow barely misses Pikel.
The arrow closely misses the lemure.
You shoot an arrow. The arrow hits the lemure!
The lemure is moderately wounded.
You shoot an arrow. The arrow hits the kobold.
The kobold is moderately wounded.
A lemure comes into view. x2
The kobold throws a stone.
The stone closely misses you.
You shoot an arrow. The arrow closely misses the kobold.
The arrow barely misses Pikel.
The lemure shouts!
The kobold hits you but does no damage.
You shoot an arrow. The arrow hits the kobold!
You kill the kobold!
You shoot an arrow. The arrow hits Pikel.
Pikel is moderately wounded.
The lemure hits you. Pikel barely misses you.
You shoot an arrow.
The arrow hits Pikel but does no damage.
Pikel is moderately wounded.
Pikel hits you with a +1 whip of flaming.
Pikel burns you. The lemure hits you.
You shoot an arrow. The arrow hits Pikel.
Pikel is moderately wounded.
The lemure hits you! Pikel barely misses you.
You shoot an arrow. The arrow hits Pikel.
Pikel is heavily wounded.
The lemure barely misses you.
Pikel hits you with a +1 whip of flaming.
Pikel burns you.
You shoot an arrow.
The arrow hits Pikel but does no damage.
Pikel is heavily wounded.
Pikel hits you with a +1 whip of flaming.
Pikel burns you. The lemure hits you.
You die...

#..%........#######.#..##...
.....##....<...#........###..#
...## #...........###.....#.##
.## #.......#.#..#.....#..##
##..##..###.............
#..###....#.####......#
....###.......###.....## .#.
##...#....##......#
#55@.###..#......## #..5#K##
##..<....## #... .5#
#..###..## ?... ...# #..# ...#
... ...). ...## ...# ..
......... ..## . ..........
..## .........


You could see Pikel and 4 lemures.

Vanquished Creatures
  Natasha (D:4)
  4 adders
  A worm (D:3)
  A dart slug (D:2)
  An orc (D:3)
  4 ball pythons
  4 bats
  8 endoplasms
  3 giant cockroaches
  2 goblins (D:1)
  A hobgoblin (D:2)
  3 jackals (D:1)
  2 quokkas (D:3)
  2 frilled lizards (D:2)
  9 kobolds
  5 rats
51 creatures vanquished.

Notes
Turn   | Place    | Note
-------+----------+-------------------------------------------
     0 | D:1      | qw the Deep Elf Hunter began the quest for the Orb.
     0 | D:1      | Reached XP level 1. HP: 12/12 MP: 3/3
     0 | D:1      | 0 ||| qw: Version: 0.3-a-9-g12657ce
     0 | D:1      | 0 ||| qw: Game counter: 4225
     0 | D:1      | 0 ||| qw: Always use a shield: true
     0 | D:1      | 0 ||| qw: God list: Okawaru
     0 | D:1      | 0 ||| qw: Allow faded altars: false
     0 | D:1      | 0 ||| qw: Do Orc after D:15 true
     0 | D:1      | 0 ||| qw: Do second Lair branch before Depths: true
     0 | D:1      | 0 ||| qw: Lair rune preference: random
     0 | D:1      | 0 ||| qw: Plans: Normal
     0 | D:1      | 0 ||| PLANNING D:1-11
   155 | D:1      | Found a faded altar of an unknown god.
   258 | D:1      | Reached XP level 2. HP: 16/16 MP: 4/4
   259 | D:1      | Reached skill level 6 in Ranged Weapons
   984 | D:1      | 984 ||| READING scroll labelled WIJEH MIFEC.
   989 | D:1      | 989 ||| READING scroll labelled DEWOAQ OXYNE.
   990 | D:1      | 990 ||| READING 2 scrolls labelled EMUL BAGHITUZ.
   991 | D:1      | 991 ||| DRINKING 2 emerald potions.
   992 | D:1      | 992 ||| DRINKING 2 blue potions.
   993 | D:1      | 993 ||| DROPPING scroll of butterflies.
   994 | D:1      | 994 ||| DROPPING potion of attraction.
  1175 | D:2      | Reached XP level 3. HP: 20/20 MP: 5/5
  1361 | D:2      | HP: 5/20 [poisoned by an adder]
  1362 | D:2      | Reached skill level 7 in Ranged Weapons
  1365 | D:2      | HP: 2/20 [poisoned by an adder]
  1667 | D:2      | 1667 ||| UPGRADING to +1 helmet.
  1672 | D:2      | 1672 ||| UPGRADING to ring of see invisible.
  1673 | D:2      | 1673 ||| READING scroll labelled ZAUBLUQOFE.
  1674 | D:2      | 1674 ||| READING scroll labelled WOUMUI HASTRI.
  1675 | D:2      | 1675 ||| READING scroll labelled TOYPSY VYCO.
  1676 | D:2      | 1676 ||| READING 3 scrolls of identify.
  1676 | D:2      | 1676 ||| IDENTIFYING glowing pink potion
  1809 | D:3      | Found a runed translucent door.
  1810 | D:3      | Noticed Crazy Yiuf
  1830 | D:3      | Reached XP level 4. HP: 25/25 MP: 6/6
  2441 | D:3      | 2441 ||| UPGRADING to +0 ring mail.
  2451 | D:3      | 2451 ||| DROPPING +0 leather armour.
  2452 | D:3      | 2452 ||| DROPPING amulet of magic regeneration.
  2453 | D:3      | 2453 ||| READING scroll labelled LOAXAI PEIKHUF.
  2454 | D:3      | 2454 ||| READING scroll labelled HAFOMA HARYZE.
  2455 | D:3      | 2455 ||| DRINKING 2 grey potions.
  2520 | D:4      | Noticed Natasha
  2522 | D:4      | Killed Natasha
  2523 | D:4      | Reached skill level 8 in Ranged Weapons
  2550 | D:4      | Identified the +1 robe "Earthly Heaven" {rF+ Stlth+}
  2654 | D:4      | Noticed a lemure
  2654 | D:4      | Noticed Pikel
  2656 | D:4      | Noticed a lemure
  2660 | D:4      | Noticed a lemure
  2660 | D:4      | Noticed a lemure
  2667 | D:4      | HP: 4/25 [Pikel/+1 whip of flaming (4)]
  2667 | D:4      | Slain by a lemure

Levels and vault maps discovered:
D:1:      saegor_arrival_fortress, layout_loops_ring,
          shapermc_ecumenical_altar_venn
D:2:      layout_basic, minmay_tree_intersection, amethyst_killhole,
          kennysheep_generic_room_8
D:3:      layout_basic, amcnicky_mini_corridor_feature, uniq_crazy_yiuf_cottage
D:4:      layout_cave_pools, lemuel_round_altar, uniq_natasha, uniq_pikel

Skill      XL: |  1  2  3  4 |
---------------+-------------+-----
Ranged Weapons | 6 7 8 |  8.2
Fighting       | |  1.5
Dodging        | |  2.4
Stealth        | |  1.2

Action                     |  1- 3 |  4- 6 || total
---------------------------+-------+-------++-------
   Fire: Shortbow          |    89 |    47 ||   136
    Use: Scroll            |     7 |     2 ||     9
         Potion            |     2 |     1 ||     3
 Armour: Leather armour    |    10 |       ||    10
         Ring mail         |       |     2 ||     2
  Dodge: Dodged            |    19 |     5 ||    24

Table legend:
 A = Non-vault XP
 B = Vault XP
 C = Vault XP percentage of total XP
 D = Non-vault monster count
 E = Vault monster count
 F = Vault count percentage of total count
                 A         B        C        D         E       F
            +---------+---------+-------+---------+---------+-------
      Total |     122 |      50 |  29.1 |      48 |       3 |   5.9
            +---------+---------+-------+---------+---------+-------
        D:1 |      35 |       0 |   0.0 |      19 |       0 |   0.0
        D:2 |      28 |      14 |  33.3 |      10 |       2 |  16.7
        D:3 |      43 |       0 |   0.0 |      16 |       0 |   0.0
        D:4 |      16 |      36 |  69.2 |       3 |       1 |  25.0
            +---------+---------+-------+---------+---------+-------
